 Dungeon Crawl Stone Soup version 0.27-a0-1416-g941b2bd (webtiles) character file.

Game seed: 15813804764820327408

6818 Toastz the Fighter (level 10, 0/99 HPs)
             Began as a Troll Fighter on July 1, 2021.
             Was a Believer of Hepliaklqana.
             Slain by a hell rat (16 damage)
             ... on level 9 of the Dungeon.
             The game lasted 00:30:26 (6465 turns).

Toastz the Fighter (Troll Fighter)                  Turns: 6465, Time: 00:30:26

Health: 0/99       AC:  6    Str: 35    XL:     10   Next: 77%
Magic:  9/9        EV:  9    Int:  4    God:    Hepliaklqana [**....]
Gold:   366        SH: 11    Dex: 15    Spells: 9/9 levels left

rFire    . . .     SeeInvis .     - Unarmed
rCold    . . .     Faith    .   b - +0 kite shield
rNeg     . . .     Spirit   .   a - +0 robe
rPois    .         Reflect  .   (helmet restricted)
rElec    .         Harm     .   d - +1 cloak
rCorr    .         Rampage  .   (gloves unavailable)
Will     .....                  (boots unavailable)
Stlth    +.........             (no amulet)
HPRegen  1.26/turn              u - +6 ring of strength
MPRegen  0.11/turn              I - +6 ring of dexterity

@: no status effects
A: reduced essence, large, unfitting armour, claws 3, regeneration 1, shaggy fur
1, tough skin 1
a: Renounce Religion, Recall Ancestor, Ancestor Identity


You were on level 9 of the Dungeon.
You worshipped Hepliaklqana.
Hepliaklqana was pleased with you.
You visited 2 branches of the dungeon, and saw 10 of its levels.

You collected 366 gold pieces.

Inventory:

Missiles
 f - 323 stones
 y - 32 poisoned darts
 A - 5 javelins
 D - 2 throwing nets
 F - 4 boomerangs
 L - a large rock (quivered)
Armour
 a - a +0 robe (worn)
 b - a +0 kite shield (worn)
 d - a +1 cloak (worn)
Jewellery
 i - a ring of ice
 u - a +6 ring of strength (left claw)
 w - an amulet of faith
 H - a ring of flight
 I - a +6 ring of dexterity (right claw)
Wands
 j - a wand of acid (7)
 q - a wand of charming (3)
 r - a wand of flame (37)
 J - a wand of iceblast (4)
Scrolls
 e - 2 scrolls of immolation
 g - 2 scrolls of vulnerability
 h - a scroll of blinking {unknown}
 o - 2 scrolls of fear
 p - a scroll of magic mapping {unknown}
 t - a scroll of torment {unknown}
 v - a scroll of holy word {unknown}
 x - a scroll of enchant weapon {unknown}
 C - 2 scrolls of fog {unknown}
Potions
 c - 2 potions of might
 k - 5 potions of curing
 l - a potion of invisibility {unknown}
 m - a potion of cancellation {unknown}
 n - 2 potions of mutation {unknown}
 s - 2 potions of lignification {unknown}
 z - 2 potions of heal wounds {unknown}
 B - 2 potions of attraction {unknown}
 E - a potion of ambrosia {unknown}
 G - 2 potions of magic {unknown}
Miscellaneous
 K - a piece from Xom's chessboard (15/15)


   Skills:
 + Level 10.2 Fighting
 - Level 2.5 Dodging
 * Level 5.9 Shields
 - Level 10.0 Unarmed Combat


You had 9 spell levels left.
You didn't know any spells.
Your spell library contained the following spells:

 Spells                   Type           Power      Damage    Failure   Level
 Animate Skeleton         Necr           0%         N/A       73%         1
 Apportation              Tloc           0%         N/A       73%         1
 Corona                   Hex            0%         N/A       73%         1
 Shock                    Conj/Air       0%         1d3       73%         1
 Sting                    Tmut/Pois      0%         1d3       73%         1
 Summon Small Mammal      Summ           0%         N/A       73%         1
 Blink                    Tloc           N/A        N/A       86%         2
 Poisonous Vapours        Pois/Air       0%         N/A       86%         2
 Slow                     Hex            0%         N/A       86%         2
 Conjure Flame            Conj/Fire      0%         6-21      97%         3
 Dazzling Flash           Conj/Hex       0%         N/A       97%         3
 Gell's Gravitas          Tloc           0%         N/A       97%         3
 Ignite Poison            Fire/Tmut/Pois 0%         N/A       97%         3
 Lesser Beckoning         Tloc           0%         N/A       97%         3
 Mephitic Cloud           Conj/Pois/Air  0%         N/A       97%         3
 Swiftness                Air            0%         N/A       97%         3
 Teleport Other           Tloc           0%         N/A       97%         3
 Airstrike                Air            0%         N/A       100%        4
 Animate Dead             Necr           0%         N/A       100%        4
 Olgreb's Toxic Radiance  Pois           0%         N/A       100%        4
 Sticky Flame             Conj/Fire      0%         2d3       100%        4
 Agony                    Necr           0%         N/A       100%        5
 Bolt of Magma            Conj/Fire/Erth 0%         4d4       100%        5
 Manifold Assault         Tloc           0%         N/A       100%        5
 Silence                  Hex/Air        0%         N/A       100%        5
 Death Channel            Necr           0%         N/A       100%        6
 Haunt                    Necr/Summ      0%         N/A       100%        7
 Storm Form               Tmut/Air       0%         N/A       100%        7


Dungeon Overview and Level Annotations

Branches:
Dungeon (9/15)             Temple (1/1) D:4
   Lair: D:8-11         Orc: D:9-12

Altars:
Ashenzari
Cheibriados
Dithmenos
Elyvilon
Fedhas
Gozag
Hepliaklqana
Kikubaaqudgha
Makhleb
Nemelex Xobeh
Okawaru
Qazlal
Ru
Sif Muna
Trog
Uskayaw
Vehumet
Wu Jian
Xom
Yredelemnul
Zin
The Shining One

Shops:
D:1 =


Innate Abilities, Weirdness & Mutations

Your life essence is reduced to manifest your ancestor. (-10% HP)
You are too large for most types of armour.
You have claws for hands.
Your natural rate of healing is unusually fast.
You are covered in fur. (AC +1)
You have tough skin. (AC +1)


Message History

The death yak gores you!!
You scratch the death yak.
The death yak is almost dead.
The death yak gores you!!
You feel better. The death yak gores you!
You scratch the death yak but do no damage.
The death yak is almost dead.
The death yak barely misses you.
You claw the death yak!
You kill the death yak!
Your life force feels restored.
Your Fighting skill increases to level 10!
Your Shields skill increases to level 5!
You mangle the death yak!!
The death yak is moderately wounded.
The death yak gores you but does no damage.
You claw the death yak!
The death yak is heavily wounded.
You block the death yak's attack.
You scratch the death yak.
The death yak is heavily wounded.
A river rat comes into view.
The death yak gores you!
* * * LOW HITPOINT WARNING * * *
You mangle the death yak!!
The death yak is severely wounded.
The death yak gores you.
* * * LOW HITPOINT WARNING * * *
Aiming: Charm
Press: ? - help, Shift-Dir - straight line, f - death yak
Aim: a death yak (severely wounded, chance to affect: 1%)
The death yak resists with almost no effort.
The death yak gores you!
* * * LOW HITPOINT WARNING * * *
You mangle the death yak!!
You kill the death yak!
You scratch the hell rat.
The hell rat is lightly wounded.
The hell rat bites you!
You die...

#.##.....##........
#.#.......#........
#.#.......#........
##....._........†...
#..#.......#....†...
#..#.......#...†....
#.. #.....##.......)
#..####.####........
#..@rY.............)
#.###r..............
#?###...............
#...................
###.......#.#.#...##
#.........#.#.......
#.#.......#.###...##
#.#.................
#........#...#######


You could see a death yak (drained), a hell rat and a river rat.

Vanquished Creatures
  2 death yaks (D:9)
  7 yaks
  Eustachio (D:5)
  2 steam dragons
  5 water moccasins
  2 black bears
  An orc warrior (D:8)
  4 sky beasts
  3 ogres
  A necrophage (D:6)
  3 centaurs
  A kobold brigand (D:7)
  2 bullfrogs
  A gnoll sergeant (D:7)
  Dowan (D:7)
  3 scorpions
  A wyvern skeleton (D:7)
  A water moccasin skeleton (D:5)
  3 killer bees (D:9)
  2 electric eels (D:8)
  15 wights
  A howler monkey (D:7)
  2 centaur zombies
  2 bullfrog skeletons (D:7)
  2 orc priests
  A centaur skeleton (D:7)
  An iguana (D:6)
  5 orc wizards
  A howler monkey zombie (D:8)
  10 gnolls
  8 adders
  A howler monkey skeleton (D:5)
  A shadow imp (D:8)
  An adder skeleton (D:4)
  2 worms (D:2)
  11 dart slugs
  20 orcs
  8 bats
  10 endoplasms
  2 giant cockroaches
  6 goblins
  3 hobgoblins
  7 jackals
  A quokka (D:4)
  7 ball pythons
  2 frilled lizards
  15 kobolds
  5 rats
196 creatures vanquished.

Vanquished Creatures (collateral kills)
  A yak (D:9)
  Duvessa (D:7)
  A wight (D:9)
  A howler monkey (D:9)
  A gnoll (D:7)
5 creatures vanquished.

Vanquished Creatures (others)
  2 hexers (D:9)
  An ancestor (D:7)
  A plant (D:8)
4 creatures vanquished.

Grand Total: 205 creatures vanquished

Notes
Turn   | Place    | Note
-------+----------+-------------------------------------------
     0 | D:1      | Toastz the Troll Fighter began the quest for the Orb.
     0 | D:1      | Reached XP level 1. HP: 22/22 MP: 0/0
    64 | D:1      | Reached XP level 2. HP: 28/29 MP: 1/1
   398 | D:1      | Found Zaevupuz's Jewellery Boutique.
   842 | D:2      | Reached XP level 3. HP: 33/36 MP: 2/2
  1138 | D:2      | Reached XP level 4. HP: 45/45 MP: 3/3
  2152 | D:3      | Reached XP level 5. HP: 47/53 MP: 4/4
  2517 | D:4      | Noticed an ogre
  2522 | D:4      | Killed an ogre
  2523 | D:4      | Reached skill level 5 in Unarmed Combat
  2523 | D:4      | Reached XP level 6. HP: 62/62 MP: 5/5
  2780 | D:4      | Found a staircase to the Ecumenical Temple.
  2825 | Temple   | Entered the Ecumenical Temple
  2969 | Temple   | Became a worshipper of Hepliaklqana the Forgotten
  3140 | D:5      | Entered Level 5 of the Dungeon
  3154 | D:5      | Noticed a sky beast
  3162 | D:4      | Killed a sky beast
  3195 | D:5      | Noticed a water moccasin
  3200 | D:5      | Killed a water moccasin
  3201 | D:5      | Reached XP level 7. HP: 57/71 MP: 6/6
  3256 | D:5      | Noticed Eustachio
  3267 | D:5      | Killed Eustachio
  3361 | D:5      | Noticed a yak
  3363 | D:5      | Noticed a yak
  3363 | D:5      | Noticed a yak
  3364 | D:5      | Noticed a yak
  3368 | D:5      | Killed a yak
  3369 | D:5      | Reached skill level 5 in Fighting
  3369 | D:5      | Reached XP level 8. HP: 73/80 MP: 7/7
  3945 | D:6      | Got Sif Muna's Almanac of Enchantment
  4045 | D:6      | Reached XP level 9. HP: 89/89 MP: 8/8
  4076 | D:6      | Found a sparkling altar of Nemelex Xobeh.
  4422 | D:6      | Reached skill level 10 in Unarmed Combat
  4429 | D:6      | Reached * piety under Hepliaklqana
  4666 | D:7      | HP: 4/83 [gnoll sergeant (7)]
  4685 | D:7      | Noticed Duvessa
  4685 | D:7      | Noticed Dowan
  4902 | D:7      | Killed Duvessa
  4910 | D:7      | Killed Dowan
  5612 | D:8      | Reached XP level 10. HP: 84/96 MP: 9/9
  5798 | D:8      | Reached ** piety under Hepliaklqana
  5799 | D:8      | Remembered your ancestor Thabo as a hexer
  6233 | D:9      | Found an ornate altar of the Wu Jian Council.
  6434 | D:9      | Noticed a death yak
  6435 | D:9      | Noticed a death yak
  6453 | D:9      | Noticed a death yak
  6458 | D:9      | Killed a death yak
  6459 | D:9      | Reached skill level 10 in Fighting
  6459 | D:9      | Reached skill level 5 in Shields
  6464 | D:9      | Killed a death yak
  6465 | D:9      | Slain by a hell rat

Illustrated notes

Levels and vault maps discovered:
D:1:      tarquinn_simple_flora_water_c, layout_basic, serial_shops,
          nicolae_shop_statue_plus
D:2:      layout_basic
D:3:      kennysheep_slugbush, layout_rooms, serial_aquarium,
          aquarium_bridge_island_small [aquarium_subvault_small_water,
          aquarium_subvault_wall, aquarium_subvault_bridge,
          aquarium_subvault_balcony, aquarium_subvault_wall],
          aquarium_window_corner, aquarium_window_1, aquarium_view_2c,
          aquarium_balcony_5a, aquarium_pool_split, minmay_misc_feat_tower
D:4:      layout_basic, minmay_temple_entry_junction
D:5:      layout_basic, uniq_eustachio
D:6:      layout_basic, nemelex_xobeh_ov_fountains_minmay,
          amcnicky_mini_rare_corridor_liquid
D:7:      layout_loops_cross, grunt_ministairs_7, uniq_duvessa
D:8:      layout_gridville, serial_bayou_pond_b, wad_floor_pattern_2
D:9:      layout_basic, old_standard_altar, dpeg_lair_monsters
Temple:   regret_index_temple_chain_breaker

Skill      XL: |  1  2  3  4  5  6  7  8  9 10 |
---------------+-------------------------------+-----
Unarmed Combat | 3 4 5 6 7 9 10 | 10.0
Fighting       | 3 4 5 6 9 10 | 10.2
Shields        | 5 |  5.9
Dodging        | |  2.5

Action                   |  1- 3 |  4- 6 |  7- 9 | 10-12 || total
-------------------------+-------+-------+-------+-------++-------
Melee: Unarmed           |    93 |    92 |   181 |    87 ||   453
Throw: Stone             |    22 |   121 |     7 |     3 ||   153
       Javelin           |       |    18 |    25 |    10 ||    53
       Large rock        |       |       |     8 |     3 ||    11
Invok: Ancestor Identity |       |       |     1 |       ||     1
       Ancestor Life: He |       |       |       |     1 ||     1
Evoke: Wand              |       |     1 |       |     1 ||     2
  Use: Scroll            |     1 |     5 |     3 |     1 ||    10
       Potion            |       |       |       |     1 ||     1
 Stab: Distracted        |       |       |     1 |     1 ||     2
       Confused          |       |       |       |     1 ||     1
       Sleeping          |       |       |       |     1 ||     1
Armor: Robe              |    48 |    34 |    46 |     9 ||   137
Dodge: Dodged            |    32 |    34 |    63 |    24 ||   153
Block: Kite shield       |    42 |    36 |    98 |    27 ||   203

Table legend: (Time is in decaauts)
 A = Elapsed time spent in this place.
 B = Non-inter-level travel time spent in this place.
 C = Inter-level travel time spent in this place.
 D = Time resting spent in this place.
 E = Time spent auto-exploring this place.
 F = Levels seen in this place.
 G = Mean time per level.
                   A        B        C        D        E       F      G
               +--------+--------+--------+--------+--------+-----+--------+
         Total |   6608 |   6183 |    425 |    240 |   4637 |  10 |  660.8 |
       Dungeon |   6429 |   6058 |    371 |    240 |   4514 |   9 |  714.3 |
        Temple |    179 |    125 |     54 |      0 |    123 |   1 |  179.0 |
               +--------+--------+--------+--------+--------+-----+--------+

Top non-repeatable levels by time:
     D:7: 1002 daAuts
     D:3: 889 daAuts
     D:1: 842 daAuts
     D:5: 804 daAuts
     D:2: 732 daAuts
     D:8: 643 daAuts
     D:4: 593 daAuts
     D:6: 586 daAuts
     D:9: 333 daAuts
  Temple: 179 daAuts
